 Dungeon Crawl Stone Soup version 0.21.1-1-g345015f (webtiles) character file.

72 sankara the Skirmisher (level 4, -2/29 HPs)
             Began as a Gargoyle Fighter on Feb 16, 2018.
             Was an Initiate of Ru.
             Slain by Sigmund
             ... wielding a +0 scythe
              (5 damage)
             ... on level 3 of the Dungeon.
             The game lasted 00:05:49 (1727 turns).

sankara the Skirmisher (Gargoyle Fighter)           Turns: 1727, Time: 00:05:50

Health: -2/29      AC: 15    Str: 25    XL:     4   Next: 25%
Magic:  4/4        EV:  6    Int:  9    God:    Ru [......]
Gold:   152        SH:  4    Dex:  9    Spells: 3/3 levels left

rFire    . . .     SeeInvis .   a - +0 flail
rCold    . . .     Gourm    .   m - +0 buckler
rNeg     + . .     Faith    .   l - +0 plate armour
rPois    ∞         Spirit   .   (no helmet)
rElec    +         Reflect  .   (no cloak)
rCorr    .         Harm     .   (no gloves)
MR       .....                  (no boots)
Stlth    ..........             (no amulet)
HPRegen  0.09/turn              (no ring)
MPRegen  0.09/turn              (no ring)

@: mighty
A: negative energy resistance 1, electricity resistance, unbreathing,
petrification resistance, rot immunity, AC +3
a: Renounce Religion


You were on level 3 of the Dungeon.
You worshipped Ru.
Ru was noncommittal.
You were not hungry.

You visited 1 branch of the dungeon, and saw 3 of its levels.

You collected 152 gold pieces.

Inventory:

Hand Weapons
 a - a +0 flail (weapon)
 e - a +0 hunting sling
 p - a +0 blowgun
Missiles
 h - 45 stones (quivered)
 j - 21 sling bullets
 o - 8 poisoned needles
Armour
 c - a +0 shield
 l - a +0 plate armour (worn)
 m - a +0 buckler (worn)
Scrolls
 b - 2 scrolls of identify {unknown}
 g - a scroll of enchant weapon {unknown}
 i - 3 scrolls of remove curse {unknown}
 k - a scroll of magic mapping {unknown}
 n - a scroll of amnesia {unknown}
Potions
 d - a potion of might
Comestibles
 f - 2 rations
 q - a chunk of flesh


   Skills:
 + Level 4.1 Fighting
 * Level 3.7 Maces & Flails
 - Level 3.2 Armour
 + Level 3.3 Shields


You had 3 spell levels left.
You didn't know any spells.

Dungeon Overview and Level Annotations

Branches:
Dungeon (3/15)

Altars:
Ru

Annotations:
D:3 Sigmund


Innate Abilities, Weirdness & Mutations

You are resistant to torment.
Your stone body is resilient. (AC +3)
You are immune to poison.
You resist negative energy. (rN+)
You are resistant to electric shocks. (rElec)
You can survive without breathing.
You are immune to petrification.
You are immune to rotting.


Message History

Something hits you!
Your shield and plate armour prevent you from hitting the jackal.
The jackal barely misses you.
The jackal bites you but does no damage.
You miss the jackal. You block the jackal's attack.
Something hits you but does no damage. You block the jackal's attack.
You closely miss the jackal.
The jackal bites you but does no damage.
Something hits you!
You are too injured to fight recklessly!
You are too injured to fight recklessly!
You feel very mighty all of a sudden.
The jackal bites you but does no damage. x2
Something hits you!
* * * LOW HITPOINT WARNING * * *
You barely miss the jackal.
The jackal bites you but does no damage. x2
Your shield and plate armour prevent you from hitting the jackal.
Something hits you.
You die...

#.# ..#
#.##
...
###..#
##
#....#
#.##.##
#. #..#
.
#?.###
#.
#....#
#
#@##.#
#h# ...
#.{h#
#.#
#...)
.#
#.....
.
#...###
##..#
#..#
#..#


You could see 2 jackals.

Vanquished Creatures
  An adder (D:3)
  An ooze (D:2)
  2 worms (D:2)
  2 dart slugs (D:2)
  3 leopard geckos (D:2)
  A giant cockroach (D:1)
  6 goblins
  6 hobgoblins
  A jackal (D:3)
  A quokka (D:2)
  8 bats
  5 frilled lizards
  6 kobolds
  3 rats
46 creatures vanquished.

Notes
Turn   | Place    | Note
-------+----------+-------------------------------------------
     0 | D:1      | sankara the Gargoyle Fighter began the quest for the Orb.
     0 | D:1      | Reached XP level 1. HP: 14/14 MP: 1/1
   158 | D:1      | Reached XP level 2. HP: 18/19 MP: 2/2
   843 | D:2      | Reached XP level 3. HP: 24/24 MP: 3/3
   892 | D:2      | Found a sacrificial altar of Ru.
   919 | D:2      | Became a worshipper of Ru the Awakened
  1289 | D:2      | Reached skill level 4 in Fighting
  1488 | D:2      | Reached XP level 4. HP: 29/29 MP: 4/4
  1708 | D:3      | Noticed Sigmund
  1727 | D:3      | Slain by Sigmund

Skill      XL: |  1  2  3 |
---------------+----------+-----
Maces & Flails | 3 |  3.7
Fighting       | 4 |  4.1
Armour         | |  3.2
Shields        | |  3.3

Action                   |  1- 3 |  4- 6 || total
-------------------------+-------+-------++-------
Melee: Flail             |   153 |    61 ||   214
  Use: Potion            |       |     1 ||     1
  Eat: Chunk             |     2 |     1 ||     3
Armor: Scale mail        |    72 |       ||    72
       Plate armour      |    20 |    77 ||    97
Dodge: Dodged            |    41 |    14 ||    55
Block: Shield            |    62 |     1 ||    63
       Buckler           |       |    12 ||    12
